 Dungeon Crawl Stone Soup version 0.30.0-29-ga12c61a403 (webtiles) character file.

Game seed: 1803899628206004862

36 qw the Chopper (level 3, 0/23 HPs)
             Began as a Gargoyle Fighter on June 2, 2023.
             Slain by a worm (8 damage)
             ... on level 2 of the Dungeon.
             The game lasted 00:00:30 (870 turns).

qw the Chopper (Gargoyle Fighter)                    Turns: 870, Time: 00:00:31

Health: 0/23       AC: 10    Str: 21    XL:     3   Next: 37%
Magic:  3/3        EV:  9    Int:  8    God:
Gold:   92         SH:  4    Dex:  9    Spells: 2/2 levels left

rFire   . . .        Y - +0 war axe
rCold   . . .        c - +0 buckler
rNeg    + . .        b - +0 scale mail
rPois   inf          (no helmet)
rElec   +            (no cloak)
rCorr   .            (no gloves)
SInv    .            (no boots)
Will    .....        (no amulet) Stlth
                     (no ring)
HPRegen 0.23/turn    (no ring)
MPRegen 0.08/turn

%: no passive effects
@: no status effects
A: sickness immunity, AC +3, negative energy resistance 1, electricity
resistance, torment resistance 1, petrification resistance
a: no special abilities


You were on level 2 of the Dungeon.
You visited 1 branch of the dungeon, and saw 2 of its levels.

You collected 92 gold pieces.


Innate Abilities, Weirdness & Mutations

You are immune to sickness and miasma.
Your stone body is resilient. (AC +3)
You are immune to poison.
You resist negative energy. (rN+)
You are resistant to electric shocks. (rElec)
You are resistant to unholy torment.
You are immune to petrification.


   Skills:
 - Level 3.2 Fighting
 + Level 3.3 Axes
 - Level 3.2 Armour
 - Level 3.2 Shields


You had 2 spell levels left.
You didn't know any spells.
Your spell library was empty.

Inventory:

Hand Weapons
 h - a +0 whip
 Y - a +0 war axe (weapon)
Missiles
 k - 3 boomerangs (quivered)
Armour
 b - a +0 scale mail (worn)
 c - a +0 buckler (worn)
Scrolls
 a - a scroll of teleportation
 f - a scroll of fog {unknown}
Potions
 d - a potion of might
 e - a potion of flight {unknown}
 i - a potion of cancellation {unknown}
 j - a potion of invisibility {unknown}

Dungeon Overview and Level Annotations

Branches:
Dungeon (2/15)

Altars:


Message History

The boomerang hits the giant cockroach but does no damage.
You throw a boomerang. The boomerang hits the giant cockroach.
You kill the giant cockroach!
A worm comes into view.
Enter note:
Enter note: You throw a boomerang.
The boomerang barely misses the worm.
You throw a boomerang. The boomerang barely misses the worm.
You throw a boomerang. The boomerang hits the worm.
The worm is moderately wounded.
You throw a boomerang. The boomerang barely misses the worm.
You throw a boomerang. The boomerang barely misses the worm.
You throw a boomerang. The boomerang hits the worm.
The worm is moderately wounded.
You completely miss the worm.
The worm is lightly wounded.
You barely miss the worm.
The worm is lightly wounded.
The worm bites you.
You slash the worm!
The worm is severely wounded.
The worm bites you but does no damage.
You hit the worm.
The worm is severely wounded.
The worm bites you but does no damage.
You hit the worm.
The worm is severely wounded.
The worm bites you!
You barely miss the worm.
The worm is severely wounded.
You hit the worm but do no damage.
The worm is severely wounded.
The worm bites you!
You hit the worm.
The worm is almost dead.
The worm barely misses you.
You hit the worm but do no damage.
The worm is almost dead.
The worm bites you!
You die...

#.. ..# .... .... ....
.... #.... ...._
...#####.....
###..............
#......w...%....
#.....@.........
#....#'####...# .....
#.####...# #.# .....
#...##...# #.#
......###......####+##.#
.....................#..
. ..##......#....#......
#......####.#...#..
#.........#.#...#.#


You could see a worm.

Vanquished Creatures
  An adder (D:2)
  2 ball pythons (D:1)
  3 bats
  2 endoplasms
  2 giant cockroaches
  A hobgoblin (D:1)
  3 jackals (D:1)
  3 kobolds
  3 quokkas (D:1)
  A frilled lizard (D:1)
  3 rats (D:1)
24 creatures vanquished.

Notes
Turn   | Place    | Note
-------+----------+-------------------------------------------
     0 | D:1      | qw the Gargoyle Fighter began the quest for the Orb.
     0 | D:1      | Reached XP level 1. HP: 14/14 MP: 1/1
     0 | D:1      | 0 ||| qw: Version: 0.2-a-102-gdf20003
     0 | D:1      | 0 ||| qw: Game counter: 896
     0 | D:1      | 0 ||| qw: Always use a shield: true
     0 | D:1      | 0 ||| qw: God list: Okawaru
     0 | D:1      | 0 ||| qw: Allow faded altars: false
     0 | D:1      | 0 ||| qw: Do Orc after D:15 true
     0 | D:1      | 0 ||| qw: Do second Lair branch before Depths: true
     0 | D:1      | 0 ||| qw: Lair rune preference: random
     0 | D:1      | 0 ||| qw: Plans: Normal, Zot:1-4, Slime:5, God:TSO, Crypt,
                  | Tomb, Pan, Hells, Abyss, Win
     0 | D:1      | 0 ||| PLANNING D:1-11
    34 | D:1      | 34 ||| Stepping ~*~*~tactically~*~*~ (stealth).
   117 | D:1      | Reached XP level 2. HP: 19/19 MP: 2/2
   119 | D:1      | 119 ||| DROPPING +0 club.
   418 | D:1      | 418 ||| Stepping ~*~*~tactically~*~*~ (stealth).
   419 | D:1      | 419 ||| Stepping ~*~*~tactically~*~*~ (stealth).
   424 | D:1      | 424 ||| Stepping ~*~*~tactically~*~*~ (stealth).
   437 | D:1      | Reached skill level 3 in Axes
   664 | D:1      | 664 ||| READING scroll labelled SIYL ZEPNUOSCH.
   669 | D:1      | 669 ||| READING scroll labelled DUASIXT NETZ.
   670 | D:1      | 670 ||| READING scroll labelled BOAL WABUELI.
   740 | D:2      | 740 ||| Stepping ~*~*~tactically~*~*~ (stealth).
   742 | D:2      | 742 ||| Stepping ~*~*~tactically~*~*~ (stealth).
   745 | D:2      | 745 ||| Stepping ~*~*~tactically~*~*~ (stealth).
   746 | D:2      | 746 ||| Stepping ~*~*~tactically~*~*~ (stealth).
   753 | D:2      | Reached XP level 3. HP: 23/23 MP: 3/3
   851 | D:2      | Found a faded altar of an unknown god.
   870 | D:2      | Slain by a worm

Levels and vault maps discovered:
D:1:      eino_arrival_tree_alley, layout_basic
D:2:      layout_basic, basic_ecumenical_altar

Skill      XL: |  1  2 |
---------------+-------+-----
Axes           | 2 3 |  3.3
Fighting       | |  3.2
Armour         | |  3.2
Shields        | |  3.2

Action                     || total
---------------------------++-------
  Melee: War axe           ||    74
  Throw: Boomerang         ||    14
    Use: Scroll            ||     3
 Armour: Scale mail        ||    41
  Dodge: Dodged            ||    27
  Block: Buckler           ||    11

Table legend:
 A = Non-vault XP
 B = Vault XP
 C = Vault XP percentage of total XP
 D = Non-vault monster count
 E = Vault monster count
 F = Vault count percentage of total count
                 A         B        C        D         E       F
            +---------+---------+-------+---------+---------+-------
      Total |      52 |       0 |   0.0 |      24 |       0 |   0.0
            +---------+---------+-------+---------+---------+-------
        D:1 |      31 |       0 |   0.0 |      19 |       0 |   0.0
        D:2 |      21 |       0 |   0.0 |       5 |       0 |   0.0
            +---------+---------+-------+---------+---------+-------
